 Dungeon Crawl Stone Soup version 0.30-a0-122-g2a1322497e (webtiles) character file.

Game seed: 512701395934123115

733 Newt the Cudgeller (level 7, 0/55 HPs)
             Began as a Demonspawn Gladiator on Sept 16, 2022.
             Was a Believer of Okawaru.
             Slain by an orc priest
             ... wielding a +0 flail
              (7 damage)
             ... on level 5 of the Dungeon.
             The game lasted 00:07:25 (7412 turns).

Newt the Cudgeller (Demonspawn Gladiator)           Turns: 7412, Time: 00:07:26

Health: 0/55       AC:  5    Str: 17    XL:     7   Next: 45%
Magic:  0/7        EV: 13    Int:  9    God:    Okawaru [**....]
Gold:   430        SH:  0    Dex: 14    Spells: 6/6 levels left

rFire   . . .      SeeInvis .    r - +5 whip
rCold   . . .      Faith    .    (no shield)
rNeg    . . .      Spirit   +    b - +0 leather armour
rPois   .          Reflect  .    c - +0 helmet
rElec   .          Harm     .    (no cloak)
rCorr   .          Rampage  .    (no gloves)
Will    .....                    (no boots)
Stlth   ++........               v - amulet of guardian spirit
HPRegen 0.18/turn                x - ring of flight
MPRegen 0.10/turn                (no ring)

@: flying
A: claws 1, rugged brown scales 1, (demonic guardian 1)
a: Renounce Religion, Heroism


You were on level 5 of the Dungeon.
You worshipped Okawaru.
Okawaru was pleased with you.
You visited 1 branch of the dungeon, and saw 5 of its levels.
You also visited: Sewer.

You collected 430 gold pieces.

Inventory:

Hand Weapons
 a - a +0 rapier
 l - a +2 short sword of speed
 r - a +5 whip (weapon)
Missiles
 d - 3 throwing nets (quivered)
 e - a javelin
 h - 2 datura-tipped darts
 i - 15 poisoned darts
Armour
 b - a +0 leather armour (worn)
 c - a +0 helmet (worn)
 q - a +0 helmet of intelligence
Jewellery
 v - an amulet of guardian spirit (around neck)
 x - a ring of flight (left claw)
Scrolls
 f - a scroll of magic mapping
 g - 2 scrolls of blinking
 m - a scroll of immolation
 n - a scroll of noise
 s - 2 scrolls of torment
 t - a scroll of summoning
 u - 3 scrolls of teleportation
 y - a scroll of fear
Potions
 j - 2 potions of might
 k - 6 potions of flight
 o - a potion of degeneration
 p - a potion of mutation
 w - 2 potions of cancellation
 z - a potion of ambrosia
 A - a potion of curing {unknown}


   Skills:
 - Level 4.0 Fighting
 - Level 4.0 Short Blades
 + Level 4.8 Maces & Flails
 - Level 1.7 Throwing
 - Level 4.0 Dodging
 - Level 2.0 Stealth


You had 6 spell levels left.
You didn't know any spells.
Your spell library contained the following spells:

 Spells                   Type           Power      Damage    Failure   Level
 Sublimation of Blood     Necr           0%         N/A       58%         2
 Dazzling Flash           Conj/Hex       0%         N/A       83%         3
 Kindle Blastsparks       Fire/Tloc/Air  0%         2d10      83%         3
 Fulminant Prism          Conj/Hex       0%         3d6       99%         4
 Iskenderun's Mystic Bla  Conj/Tloc      0%         2d3       99%         4
 Petrify                  Tmut/Erth      0%         N/A       99%         4
 Irradiate                Conj/Tmut      0%         3d11      100%        5
 Lee's Rapid Deconstruct  Erth           0%         3d5*      100%        5
 Starburst                Conj/Fire      0%         6d3       100%        6


Dungeon Overview and Level Annotations

Branches:
Dungeon (5/15)              Sewer (visited)
 Temple: D:4-7

Altars:
Kikubaaqudgha
Nemelex Xobeh
Okawaru
Qazlal

Shops:
D:2 =((*(


Innate Abilities, Weirdness & Mutations

You have sharp fingernails.
You are partially covered in rugged brown scales. (AC +1, +3% HP)
((A weak demonic guardian rushes to your aid.))


Message History

You hit the orc but do no damage.
The orc is almost dead.
The quokka closely misses you. The orc closely misses you.
The orc hits you but does no damage. Something hits you but does no damage.
You hit the orc.
You kill the orc!
Okawaru accepts your kill.
The howler monkey hoots and howls with incredible vigour!
The quokka bites you. The orc barely misses you. Something hits you.
You hear a shout!
You hear an angry hiss.
Unknown command.
The quokka attacks as you move away! The quokka bites you.
The ice beast closely misses you. Something hits you.
You hit the orc priest.
The orc priest is lightly wounded.
A hound comes into view.
The quokka bites you but does no damage.
You hit the orc priest.
The orc priest is moderately wounded.
The orc hits you but does no damage.
The ice beast hits you but does no damage.
The orc priest barely misses you. Something hits you!
* * * LOW HITPOINT WARNING * * *
x2 The quokka barely misses you.
You hit the orc priest.
The orc priest is moderately wounded.
The orc misses you.
The ice beast hits you but does no damage.
The orc priest miscasts a cantrip.
Something hits you.
* * * LOW HITPOINT WARNING * * *
The quokka barely misses you.
You whack the orc priest!
The orc priest is almost dead.
The quokka closely misses you.
The orc hits you from afar with a +0 trident.
* * * LOW HITPOINT WARNING * * *
The ice beast hits you but does no damage.
The orc priest hits you with a +0 flail!
You die...

######......!.
..#....!.....#
.......>..... #..
.......##.## .... #.
.h.....#..##.........
...##...................
........Y....##.........
......o@r...............
.....##...#..##.......##
......{o..##..##........
......o##.#..###........
...##.##....##.........
.. ###.......##...†... #
#.....#######.###..
#..#### ### ### ...


You could see an ice beast, a hound, an orc priest, 2 orcs and a quokka.

Vanquished Creatures
  An ogre (D:4)
  3 scorpions
  The ghost of Buttons840 the Insei, a weakling MfTm (D:3)
  An orc priest (D:3)
  3 iguanas
  A gnoll (D:4)
  6 river rats
  13 adders
  A white imp (D:3)
  2 ufetubi
  6 worms
  6 orcs
  13 ball pythons
  10 bats
  11 endoplasms
  7 giant cockroaches
  6 goblins
  2 hobgoblins (D:1)
  5 jackals
  4 quokkas
  3 frilled lizards
  10 kobolds
  9 rats
124 creatures vanquished.

Vanquished Creatures (others)
  13 plants (D:4)
13 creatures vanquished.

Grand Total: 137 creatures vanquished

Notes
Turn   | Place    | Note
-------+----------+-------------------------------------------
     0 | D:1      | Newt the Demonspawn Gladiator began the quest for the Orb.
     0 | D:1      | Reached XP level 1. HP: 16/16 MP: 1/1
    69 | D:1      | Reached skill level 1 in Stealth
   421 | D:1      | Gained mutation: You are partially covered in rugged brown
                  | scales. (AC +1, +3% HP) [demonic ancestry]
   421 | D:1      | Reached XP level 2. HP: 13/22 MP: 2/2
   760 | D:1      | Found a faded altar of an unknown god.
   862 | D:1      | Prayed at the altar of an unknown god.
   862 | D:1      | Became a worshipper of Warmaster Okawaru
   862 | D:1      | Reached * piety under Okawaru
  1697 | D:2      | Found Kaaphon's Weapon Shop.
  1784 | D:2      | Found Loriech's Antique Weapon Boutique.
  1861 | D:2      | Found Sacwaf's Antique Weapon Shop.
  2148 | D:2      | Found Put Ijoa's Jewellery Shoppe.
  2239 | D:2      | Reached XP level 3. HP: 20/28 MP: 3/3
  2616 | D:2      | Found Faexaomy's General Store.
  3083 | D:3      | Reached XP level 4. HP: 27/38 MP: 4/4
  3084 | D:3      | Found a glowing drain.
  3089 | Sewer    | Entered a sewer
  3639 | Sewer    | Reached XP level 5. HP: 31/43 MP: 5/5
  4749 | D:3      | Found a transporter.
  4835 | D:3      | Gained mutation: You have sharp fingernails. [demonic
                  | ancestry]
  4835 | D:3      | Reached XP level 6. HP: 13/49 MP: 6/6
  5309 | D:3      | Found a transporter.
  5321 | D:3      | Noticed Buttons840's ghost (weakling MfTm)
  5459 | D:3      | Found an ancient bone altar of Kikubaaqudgha.
  5465 | D:3      | Found a stormy altar of Qazlal.
  5465 | D:3      | Found a sparkling altar of Nemelex Xobeh.
  5547 | D:3      | Killed Buttons840's ghost
  5548 | D:3      | Reached skill level 1 in Maces & Flails
  5634 | D:4      | Reached ** piety under Okawaru
  6520 | D:4      | Gained mutation: A weak demonic guardian rushes to your
                  | aid. [demonic ancestry]
  6520 | D:4      | Reached XP level 7. HP: 41/55 MP: 7/7
  7101 | D:5      | Entered Level 5 of the Dungeon
  7397 | D:5      | Identified the +6 spear of Dithmenos, Hugging {vorpal,
                  | rPois Will+ Dex+3}
  7412 | D:5      | Slain by an orc priest

Illustrated notes

Levels and vault maps discovered:
D:1:      ncdulo_smallfort, layout_basic,
          hellmonk_ecumenical_altar_inner_sanctum
D:2:      layout_basic, serial_shops, shop, shop, nicolae_lakefront_shop,
          nicolae_shop_crystal, shop, serial_rivers,
          chequers_serial_rivers_small_a, chequers_serial_rivers_large_a,
          chequers_serial_rivers_room_b, chequers_serial_rivers_small_b,
          chequers_serial_rivers_room_a, chequers_serial_rivers_micro_b,
          minmay_tetromino_t4
D:3:      layout_rooms, minitemple, gammafunk_ghost_arena,
          gup_sewer_entry_spiral, minmay_vboxes
D:4:      layout_basic, serial_bayou, serial_bayou_pond_b,
          serial_bayou_crossing, serial_bayou_shore_b, serial_bayou_lake_a
D:5:      layout_cave_pools

Skill      XL: |  1  2  3  4  5  6  7 |
---------------+----------------------+-----
Stealth        | 1 2 |  2.0
Fighting       | 3 4 |  4.0
Short Blades   | 3 4 |  4.0
Dodging        | 3 4 |  4.0
Maces & Flails | 3 4 |  4.8
Throwing       | |  1.7

Action                   |  1- 3 |  4- 6 |  7- 9 || total
-------------------------+-------+-------+-------++-------
Melee: Rapier            |    85 |       |       ||    85
       Short sword       |    99 |   282 |       ||   381
       Punch             |     1 |     2 |       ||     3
       Whip              |       |    65 |    61 ||   126
Throw: Throwing net      |     1 |     1 |       ||     2
Invok: Heroism           |       |     2 |       ||     2
  Use: Scroll            |     4 |     8 |       ||    12
       Potion            |       |     6 |       ||     6
 Stab: Sleeping          |     5 |     3 |       ||     8
       Invisible         |       |     2 |       ||     2
Armor: Leather armour    |    42 |    80 |    19 ||   141
Dodge: Dodged            |    85 |   201 |    51 ||   337

Table legend: (Time is in decaauts)
 A = Elapsed time spent in this place.
 B = Non-inter-level travel time spent in this place.
 C = Inter-level travel time spent in this place.
 D = Time resting spent in this place.
 E = Time spent auto-exploring this place.
 F = Levels seen in this place.
 G = Mean time per level.
                   A        B        C        D        E       F      G
               +--------+--------+--------+--------+--------+-----+--------+
         Total |   7494 |   7309 |    185 |   1347 |   4921 |   6 | 1249.0 |
       Dungeon |   5823 |   5638 |    185 |   1091 |   3793 |   5 | 1164.6 |
         Sewer |   1670 |   1670 |      0 |    256 |   1128 |   1 | 1670.0 |
               +--------+--------+--------+--------+--------+-----+--------+

Top non-repeatable levels by time:
     D:2: 1684 daAuts
   Sewer: 1670 daAuts
     D:4: 1541 daAuts
     D:1: 1216 daAuts
     D:3: 1075 daAuts
     D:5: 306 daAuts
